 Dungeon Crawl Stone Soup version 0.31-a0-532-g28f74ba3e5 (webtiles) character file.

Game seed: 5320702232392694592

53422 avis the Severer (level 14, -5/207 HPs)
             Began as a Hill Orc Monk on Aug 12, 2023.
             Was a High Priest of Beogh.
             Succumbed to an emperor scorpion's poison
             ... on level 1 of the Spider Nest on Aug 13, 2023.
             The game lasted 02:27:51 (24021 turns).

avis the Severer (Hill Orc Monk)                   Turns: 24021, Time: 02:27:51

Health: -5/207     AC: 27    Str: 17 (19) XL:     14   Next: 68%
Magic:  1/25       EV:  2    Int: 17      God:    Beogh [*****.]
Gold:   1756       SH:  0    Dex: 10 (13) Spells: 13/13 levels left

rFire   + . .        a - +0 battleaxe
rCold   . . .        (shield currently unavailable)
rNeg    . . .        h - melded +0 plate armour
rPois   +            P - melded +0 mask of the Dragon {Will+ Slay+3 SInv}
rElec   .            x - melded +0 cloak {Will+}
rCorr   .            C - melded +0 pair of gloves
SInv    .            E - melded +0 pair of boots
Will    +....        S - amulet of faith
Stlth   +            t - +5 ring of evasion
HPRegen 0.54/turn    k - ring of Equilibrium {rF+ Int+7}
MPRegen 0.19/turn

%: faith
@: lethally poisoned (-5 -> -41), tree-form
A: stationary, stasis, torment immunity, boosted hp, walk on water
a: Renounce Religion, Smiting, Recall Orcish Followers, Give Item to Named
Follower


You were on level 1 of the Spider Nest.
You worshipped Beogh.
Beogh was extremely pleased with you.
You were a tree.
You visited 5 branches of the dungeon, and saw 19 of its levels.
You also visited: Ice Cave.

You collected 1891 gold pieces.
You spent 135 gold pieces at shops.

Inventory:

Hand Weapons
 a - a +0 battleaxe (weapon)
 w - the +7 great mace "Firestarter" {flame, immolate, rFlCloud rF++}
   (You found it in an ice cave)

   rFlCloud:  It grants immunity to clouds of flame.
   rF++:      It greatly protects you from fire.
Missiles
 W - 2 throwing nets
Armour
 h - a +0 plate armour (melded)
 x - a +0 cloak of willpower (melded)
 C - a +0 pair of gloves (melded)
 E - a +0 pair of boots (melded)
 P - the +0 mask of the Dragon (melded) {Will+ Slay+3 SInv}
   (You found it on level 9 of the Dungeon)

   Slay+3:    It affects your accuracy & damage with ranged weapons and melee
   (+3).
   Will+:     It increases your willpower.
   SInv:      It lets you see invisible.
Jewellery
 k - the ring of Equilibrium (right branch) {rF+ Int+7}
   (You found it in an ice cave)

   [ring of protection from fire]

   Int+7:     It affects your intelligence (+7).
   rF+:       It protects you from fire.
 t - a +5 ring of evasion (left branch)
 u - a ring of protection from cold
 S - an amulet of faith (around neck)
Wands
 l - a wand of light (1)
 n - a wand of flame (14)
 q - a wand of digging (10)
 O - a wand of roots (29)
 Z - a wand of charming (10)
Scrolls
 c - 2 scrolls of revelation
 e - 12 scrolls of teleportation
 f - 2 scrolls of amnesia {unknown}
 g - 2 scrolls of butterflies {unknown}
 m - 3 scrolls of immolation {unknown}
 r - 2 scrolls of noise {unknown}
 v - a scroll of silence {unknown}
 y - a scroll of enchant weapon {unknown}
 D - 6 scrolls of poison {unknown}
 I - 3 scrolls of brand weapon {unknown}
 J - 2 scrolls of fog {unknown}
 Q - 3 scrolls of vulnerability {unknown}
 R - 2 scrolls of enchant armour {unknown}
 V - 2 scrolls of fear {unknown}
 Y - a scroll of acquirement {unknown}
Potions
 j - 3 potions of invisibility
 o - 6 potions of brilliance
 s - 2 potions of cancellation
 z - 2 potions of magic
 K - 3 potions of enlightenment
 L - a potion of resistance
 U - 5 potions of might
Miscellaneous
 F - a phial of floods


   Skills:
 + Level 16.5 Fighting
 - Level 20.0 Axes
 - Level 10.0 Armour
 * Level 3.0 Dodging
 - Level 15.0 Invocations


You had 13 spell levels left.
You didn't know any spells.
Your spell library contained the following spells:

 Spells                   Type           Power      Damage    Failure   Level
 Freeze                   Ice            0%         1d3       24%         1
 Sting                    Tmut/Pois      0%         1d3       24%         1
 Cigotuvi's Dreadful Rot  Necr/Pois/Air  0%         N/A       34%         2
 Ensorcelled Hibernation  Hex/Ice        0%         N/A       34%         2
 Poisonous Vapours        Pois/Air       0%         N/A       34%         2
 Static Discharge         Conj/Air       0%         2-2/arc   34%         2
 Frozen Ramparts          Ice            0%         1d1       56%         3
 Hailstorm                Conj/Ice       0%         3d3       56%         3
 Airstrike                Air            0%         2d(0-16)  93%         4
 Anguish                  Hex/Necr       0%         N/A       93%         4
 Animate Armour           Summ/Erth      0%         N/A       93%         4
 Animate Dead             Necr           0%         N/A       93%         4
 Cause Fear               Hex            0%         N/A       93%         4
 Dispel Undead            Necr           0%         3d6       93%         4
 Olgreb's Toxic Radiance  Pois           0%         N/A       93%         4
 Summon Ice Beast         Ice/Summ       0%         N/A       93%         4
 Summon Lightning Spire   Summ/Air       0%         N/A       93%         4
 Alistair's Intoxication  Tmut/Pois      0%         N/A       100%        5
 Borgnjor's Vile Clutch   Necr/Erth      0%         N/A       100%        5
 Fireball                 Conj/Fire      0%         3d3       100%        5
 Lee's Rapid Deconstruct  Erth           0%         3d4*      100%        5
 Summon Mana Viper        Hex/Summ       0%         N/A       100%        5
 Death Channel            Necr           0%         N/A       100%        6
 Eringya's Noxious Bog    Tmut/Pois      0%         4d6       100%        6
 Leda's Unmaking          Conj/Erth      0%         9d1       100%        6
 Enfeeble                 Hex            0%         N/A       100%        7
 Monstrous Menagerie      Summ           0%         N/A       100%        7
 Dragon's Call            Summ           0%         N/A       100%        9


Dungeon Overview and Level Annotations

Branches:
Dungeon (11/15)            Temple (1/1) D:4            Lair (5/5) D:11
 Shoals (0/4) Lair:2       Spider (1/4) Lair:3        Slime (0/5) Lair:5
    Orc (1/2) D:10          IceCv (visited)

Altars:
Ashenzari
Cheibriados
Dithmenos
Elyvilon
Fedhas
Gozag
Hepliaklqana
Kikubaaqudgha
Makhleb
Nemelex Xobeh
Okawaru
Qazlal
Ru
Sif Muna
Trog
Uskayaw
Vehumet
Wu Jian
Xom
Yredelemnul
Zin
The Shining One
Jiyva

Shops:
D:5 [   D:6 =

Annotations:
D:7 Treasure + closed door.
D:11 2 transporters, arthad's ghost, journeyman GnWn


Message History

The jumping spider leaps!
The tarantella misses you.
The jumping spider leaps!
Your Dodging skill increases to level 3!
You swap places.
The jumping spider leaps!
Ugbert blocks the tarantella's attack.
Ugbert closely misses the tarantella.
The emperor scorpion stings you!
* * * LOW HITPOINT WARNING * * *
The emperor scorpion claws you but does no damage.
The emperor scorpion barely misses you.
Things that are here:
a +3 spear; a jumping spider corpse You hit the emperor scorpion.
The emperor scorpion is lightly wounded.
You slice the jumping spider!!
You kill the jumping spider!
Beogh accepts your kill.
The tarantella touches Ugbert.
Ugbert completely misses the tarantella.
The emperor scorpion barely misses you.
The emperor scorpion claws you but does no damage. x2
You don't have enough magic at the moment.
Unknown command.
You hit the emperor scorpion but do no damage.
You slice the jumping spider!!
The tarantella touches Ugbert!
Ugbert dies!
The jumping spider pounces on you.
* * * LOW HITPOINT WARNING * * *
The jumping spider bites you but does no damage.
The emperor scorpion stings you!
* * * LOW HITPOINT WARNING * * *
You are lethally poisoned!
The emperor scorpion poisons you!
The emperor scorpion claws you but does no damage. x2
You turn into a tree.
Your +0 cloak of willpower melds into your body.
The +0 mask of the Dragon {Will+ Slay+3 SInv} melds into your body.
Your +0 pair of gloves melds into your body.
Your +0 pair of boots melds into your body.
Your +0 plate armour melds into your body.
You feel less strong-willed.
Your roots penetrate the ground.
You die...

......# ##....#
####°....#
#..#...<.# #
#........# ..
###....#### ...
##........# ....
....#..ss##.....
.........♣..#....
#....^...s†......
...##....†.......
.# ##...s..#....
#^..^#..##...
###.##.## ... ###
## .


You could see an emperor scorpion, an orb spider, a jumping spider and a
tarantella.

Vanquished Creatures
  A ghost moth (Spider:1)
  A spark wasp (Spider:1)
  Snorg (Lair:5)
  Fannar (D:11)
  3 hydras
  Harold (D:9)
  A catoblepas (Lair:4)
  2 ironbound frosthearts (IceCv)
  2 boulder beetles
  4 death yaks (IceCv)
  A manticore (D:10)
  A cyclops (D:11)
  3 elephants (Lair:4)
  2 black mambas
  Maurice (D:9)
  A torpor snail (Lair:5)
  A rime drake (Lair:5)
  4 cane toads
  4 komodo dragons
  A kobold demonologist (D:9)
  2 hornets (Lair:5)
  11 polar bears
  Grinder (D:3)
  Prince Ribbit (D:8)
  3 jumping spiders (Spider:1)
  2 dream sheep
  2 shadows (D:10)
  6 spriggans (Lair:5)
  A wraith (D:7)
  A vampire (D:10)
  A wyvern (D:11)
  4 steam dragons
  3 basilisks (Lair:5)
  39 yaks
  A death yak simulacrum (Lair:3)
  4 redbacks (Spider:1)
  5 vampire mosquitoes
  7 water moccasins
  2 acid dragons
  6 orc warriors
  3 ogres
  3 black bears
  3 centaurs
  4 boggarts (Lair:5)
  28 wolves
  2 kobold brigands
  A phantom (D:6)
  7 bullfrogs
  5 scorpions
  13 wights
  An elephant simulacrum (Lair:3)
  5 killer bees (D:9)
  4 electric eels
  2 orc priests
  3 gnoll boudas
  2 hounds (D:4)
  Crazy Yiuf (D:3)
  2 sleepcaps
  Jessica (D:3)
  4 iguanas
  7 orc wizards
  A wolf simulacrum (Lair:3)
  7 adders
  15 gnolls
  4 white imps
  2 ufetubi
  5 worms
  4 dart slugs
  19 orcs
  10 endoplasms
  7 giant cockroaches
  9 goblins
  3 hobgoblins
  4 jackals (D:2)
  23 kobolds
  6 quokkas
  9 ball pythons
  9 bats
  4 frilled lizards
  3 rats
383 creatures vanquished.

Vanquished Creatures (collateral kills)
  A catoblepas (Lair:4)
  3 hydras
  Erica (D:11)
  4 death yaks
  7 spriggans (Lair:5)
  2 skysharks
  A pharaoh ant (Spider:1)
  3 harpies (Lair:2)
  2 manticores (Lair:4)
  An ugly thing (D:10)
  An elephant (Lair:4)
  A black mamba (Lair:4)
  An ice statue (IceCv)
  8 cane toads
  A torpor snail (Lair:2)
  A gargoyle (D:10)
  A kobold demonologist (D:9)
  8 komodo dragons
  3 trolls
  5 hornets (Lair:5)
  11 polar bears
  A dream sheep (Lair:2)
  2 jumping spiders (Spider:1)
  2 wraiths (D:10)
  3 wyverns
  22 yaks
  A basilisk (Lair:2)
  A steam dragon (D:10)
  A redback (Spider:1)
  3 water moccasins
  An orc warrior (Orc:1)
  2 black bears
  23 wolves
  2 centaurs
  6 bullfrogs
  A gnoll sergeant (D:10)
  5 scorpions
  A cane toad simulacrum (Lair:3)
  3 electric eels (D:10)
  An orc wizard (Orc:1)
  A polar bear simulacrum (Lair:3)
  2 wolf simulacra (Lair:3)
  A gnoll (D:10)
  3 orcs
  2 kobolds
156 creatures vanquished.

Vanquished Creatures (others)
  An orc knight (Spider:1)
  2 orc priests
  5 orc wizards
  9 orcs
17 creatures vanquished.

Grand Total: 556 creatures vanquished

Notes
Turn   | Place    | Note
-------+----------+-------------------------------------------
     0 | D:1      | avis the Hill Orc Monk began the quest for the Orb.
     0 | D:1      | Reached XP level 1. HP: 19/19 MP: 1/1
   121 | D:1      | Reached XP level 2. HP: 21/27 MP: 2/2
   401 | D:1      | Reached skill level 5 in Axes
   477 | D:1      | Reached XP level 3. HP: 33/33 MP: 3/3
   880 | D:1      | Found a faded altar of an unknown god.
  1192 | D:2      | Reached skill level 1 in Armour
  1340 | D:2      | Reached XP level 4. HP: 40/40 MP: 4/4
  2072 | D:3      | Reached skill level 6 in Axes
  2224 | D:3      | Noticed Grinder
  2230 | D:3      | Paralysed by Grinder for 5 turns
  2238 | D:3      | Killed Grinder
  2239 | D:3      | Reached skill level 8 in Axes
  2239 | D:3      | Reached XP level 5. HP: 35/46 MP: 5/5
  2239 | D:3      | Reached XP level 6. HP: 40/52 MP: 6/6
  2504 | D:3      | Noticed Jessica
  2508 | D:3      | Killed Jessica
  2552 | D:3      | Found a basalt altar of Yredelemnul.
  2737 | D:3      | Found a runed translucent door.
  2738 | D:3      | Noticed Crazy Yiuf
  2840 | D:4      | Reached skill level 9 in Axes
  2969 | D:4      | Reached XP level 7. HP: 60/60 MP: 7/7
  2992 | D:4      | Found a staircase to the Ecumenical Temple.
  2999 | Temple   | Entered the Ecumenical Temple
  3195 | D:4      | Reached skill level 5 in Fighting
  3621 | D:4      | Found a hide-covered altar of Uskayaw.
  3956 | D:3      | Killed Crazy Yiuf
  4035 | D:5      | Entered Level 5 of the Dungeon
  4043 | D:5      | Reached skill level 10 in Axes
  4280 | D:5      | Found Bohechuq's Armour Emporium.
  4324 | D:5      | Bought a +0 pair of gloves for 45 gold pieces
  4324 | D:5      | Bought a +0 pair of gloves for 45 gold pieces
  4329 | D:5      | Bought a +0 pair of boots for 45 gold pieces
  4634 | D:5      | Found an ancient bone altar of Kikubaaqudgha.
  4636 | D:5      | Found a bloodstained altar of Trog.
  4894 | D:6      | Reached XP level 8. HP: 68/68 MP: 8/8
  4949 | D:6      | Reached skill level 11 in Axes
  5121 | D:6      | Became a worshipper of Beogh the Brigand
  5121 | D:6      | Reached * piety under Beogh
  5121 | D:6      | Reached ** piety under Beogh
  5136 | D:6      | Reached skill level 12 in Axes
  5557 | D:6      | Found a shimmering blue altar of Sif Muna.
  5646 | D:6      | Found Dacay's Jewellery Emporium.
  5942 | D:6      | Reached skill level 1 in Invocations
  6261 | D:6      | Reached skill level 13 in Axes
  6261 | D:6      | Reached XP level 9. HP: 63/74 MP: 9/11
  6772 | D:7      | Found an ornate altar of the Wu Jian Council.
  7174 | D:7      | Reached skill level 14 in Axes
  7460 | D:7      | Reached skill level 5 in Invocations
  8024 | D:7      | Reached *** piety under Beogh
  8224 | D:8      | Reached skill level 15 in Axes
  8331 | D:8      | Reached XP level 10. HP: 72/81 MP: 13/15
  8810 | D:9      | Found the +0 mask of the Dragon {Will+ Slay+3 SInv}
  8810 | D:9      | Noticed Prince Ribbit
  8870 | D:8      | Killed Prince Ribbit
  8994 | D:9      | Noticed a kobold demonologist
  8997 | D:9      | Noticed a kobold demonologist
  9007 | D:9      | Gained Morbeogh as an ally
  9013 | D:9      | Killed a kobold demonologist
  9014 | D:9      | Reached skill level 16 in Axes
  9026 | D:9      | Killed a kobold demonologist
  9132 | D:9      | Noticed Harold
  9144 | D:9      | Killed Harold
  9635 | D:9      | Found a glowing golden altar of the Shining One.
  9668 | D:9      | Found a glowing silver altar of Zin.
  9668 | D:9      | Noticed an angel
  9706 | D:9      | Noticed Maurice
  9718 | D:9      | Killed Maurice
 10042 | D:10     | Entered Level 10 of the Dungeon
 10107 | D:10     | Found a sacrificial altar of Ru.
 10124 | D:10     | Reached skill level 17 in Axes
 10400 | D:10     | Found a staircase to the Orcish Mines.
 10541 | D:10     | Noticed a gargoyle
 10550 | D:10     | Killed a gargoyle
 10684 | D:10     | Found a white marble altar of Elyvilon.
 10802 | D:10     | Noticed a manticore
 10814 | D:10     | Killed a manticore
 11013 | D:10     | Reached XP level 11. HP: 84/86 MP: 18/18
 11175 | D:10     | Noticed a white ugly thing
 11178 | D:10     | Reached **** piety under Beogh
 11179 | D:10     | Reached skill level 10 in Invocations
 11184 | D:10     | Killed a white ugly thing
 11189 | D:10     | Reached skill level 18 in Axes
 11918 | D:11     | Noticed a cyclops
 11929 | D:11     | Killed a cyclops
 11951 | D:11     | Noticed a centaur warrior
 11952 | D:11     | Noticed a mana viper
 11955 | D:11     | Noticed arthad's ghost (journeyman GnWn)
 11966 | D:11     | a mana viper changed into a snapping turtle
 11968 | D:11     | Found a transporter.
 11970 | D:11     | a snapping turtle changed into a two-headed ogre
 11970 | D:11     | Noticed a two-headed ogre (glowing shapeshifter)
 11976 | D:11     | a two-headed ogre changed into a mana viper
 11976 | D:11     | Noticed a mana viper (glowing shapeshifter)
 11978 | D:11     | a mana viper changed into a jumping spider
 11988 | D:11     | Found a transporter.
 12022 | D:11     | a raiju changed into an entropy weaver
 12022 | D:11     | Noticed an entropy weaver (glowing shapeshifter)
 12023 | D:11     | an entropy weaver changed into a wind drake
 12084 | D:11     | Noticed Fannar
 12101 | D:11     | Killed Fannar
 12122 | D:11     | Found a staircase to the Lair.
 12242 | D:11     | Noticed Erica
 12250 | D:11     | Killed Erica
 12611 | D:11     | Found a hide-covered altar of Uskayaw.
 12650 | D:11     | Noticed a boulder beetle
 12650 | D:11     | a boulder beetle changed into a bunyip
 12650 | D:11     | Noticed a bunyip (glowing shapeshifter)
 12653 | D:11     | a bunyip changed into an ettin
 12653 | D:11     | Noticed an ettin (glowing shapeshifter)
 12655 | D:11     | an ettin changed into a spark wasp
 12655 | D:11     | Noticed a spark wasp (glowing shapeshifter)
 12658 | D:11     | a spark wasp changed into a bunyip
 12658 | D:11     | Noticed a bunyip (glowing shapeshifter)
 12660 | D:11     | a bunyip changed into a great orb of eyes
 12660 | D:11     | Noticed a great orb of eyes (glowing shapeshifter)
 12661 | D:11     | a great orb of eyes changed into a ghost moth
 12661 | D:11     | Noticed a ghost moth (glowing shapeshifter)
 12662 | D:11     | a ghost moth changed into a jorogumo
 12662 | D:11     | Noticed a jorogumo (glowing shapeshifter)
 12668 | D:11     | a jorogumo changed into a spark wasp
 12668 | D:11     | Noticed a spark wasp (glowing shapeshifter)
 12690 | D:11     | Gained Zartorak as an ally
 12767 | Lair:1   | Entered Level 1 of the Lair of Beasts
 12932 | Lair:1   | Your ally Zartorak died
 12989 | Lair:1   | Reached XP level 12. HP: 72/106 MP: 20/20
 13108 | Lair:1   | Reached skill level 10 in Fighting
 13749 | Lair:1   | Noticed a boulder beetle
 13769 | Lair:1   | Killed a boulder beetle
 13895 | Lair:1   | Reached ***** piety under Beogh
 13896 | Lair:1   | Reached skill level 19 in Axes
 14205 | Lair:1   | You fall into a shaft and drop 1 floor!
 14316 | Lair:2   | Found a staircase to the Shoals.
 15854 | Lair:3   | Found a frozen archway.
 15878 | IceCv    | Entered an ice cave
 16083 | IceCv    | Noticed a death yak
 16083 | IceCv    | Noticed a death yak
 16083 | IceCv    | Noticed a death yak
 16093 | IceCv    | Killed a death yak
 16099 | IceCv    | Killed a death yak
 16099 | IceCv    | Gained Brunolf as an ally
 16102 | IceCv    | Killed a death yak
 16103 | IceCv    | Reached XP level 13. HP: 53/119 MP: 22/22
 16248 | IceCv    | Identified the ring of Equilibrium {rF+ Int+7}
 16756 | IceCv    | Reached ****** piety under Beogh
 16857 | IceCv    | Reached skill level 20 in Axes
 17204 | IceCv    | Found the +7 great mace "Firestarter" {flame, immolate,
                  | rFlCloud rF++}
 17665 | Lair:3   | Reached skill level 5 in Armour
 18055 | Lair:3   | Found a hole to the Spider Nest.
 19371 | Lair:4   | Got the Grimoire of the Sandy Gift
 20081 | Orc:1    | Entered Level 1 of the Orcish Mines
 20150 | Orc:1    | Gained Bogdar as an ally
 20831 | Lair:5   | Entered Level 5 of the Lair of Beasts
 20868 | Lair:5   | Found a viscous altar of Jiyva.
 20869 | Lair:5   | Found a staircase to the Slime Pits.
 20886 | Lair:5   | Reached skill level 15 in Fighting
 20886 | Lair:5   | Reached XP level 14. HP: 118/135 MP: 25/25
 21259 | Lair:5   | Reached skill level 15 in Invocations
 22491 | Lair:5   | Reached skill level 10 in Armour
 22754 | Lair:5   | Noticed Snorg
 22768 | Lair:5   | Killed Snorg
 23650 | Spider:1 | Entered Level 1 of the Spider Nest
 23993 | Spider:1 | Noticed a ghost moth
 24011 | Spider:1 | Your ally Bogdar died
 24014 | Spider:1 | Killed a ghost moth
 24015 | Spider:1 | Gained Ugbert as an ally
 24015 | Spider:1 | Noticed an emperor scorpion
 24020 | Spider:1 | Your ally Ugbert died
 24020 | Spider:1 | HP: 2/138 [emperor scorpion (10)]
 24021 | Spider:1 | Succumbed to an emperor scorpion's poison

Illustrated notes

Levels and vault maps discovered:
D:1:      dpeg_arrival_round_c, layout_basic, shapermc_ecumenical_altar_petra
D:2:      layout_loops_ring
D:3:      layout_basic, yredelemnul_altar_generic, minivault_4,
          minmay_pentomino_pile, uniq_jessica, uniq_grinder,
          uniq_crazy_yiuf_cottage
D:4:      layout_basic, overflow_temple_1_default, minmay_temple_entry_glass,
          st_stairs_14
D:5:      layout_cave_pools, minitemple, serial_shops,
          nicolae_inconvenience_store
D:6:      layout_basic, amcnicky_altar_gilded, serial_shops,
          nicolae_shop_tiny_waterfront, serial_park_tiny_2,
          nicolae_twisty_statue_hallways
D:7:      layout_loops_corners, nicolae_wu_jian_glorious_leap
D:8:      layout_rooms, hex_medium
D:9:      layout_rooms, general_overflow_altar, zin_angel, uniq_maurice,
          uniq_prince_ribbit1, uniq_harold
D:10:     cheibrodos_barr_body, layout_basic, hangedman_ru_absence,
          elyvilon_altar_4, chequers_serial_rivers_marsh,
          grunt_decor_resistance, fungi_pond_lemuel, hangedman_decor_slide_cut
D:11:     layout_basic, grunt_lair_entry_orc_guard_hut, gammafunk_ghost_arena,
          nicolae_uskayaw_dance_studio, uniq_fannar, uniq_erica
Temple:   hellmonk_temple_forest_ring
Lair:1:   layout_gridlike, lemuel_fruit_tree
Lair:2:   layout_regular_city, nicolae_shoals_entry_roost
Lair:3:   nzn_winding_woodlands_medium [nzn_winding_woodlands_5x5_open_star,
          nzn_winding_woodlands_5x15_river_crossing,
          nzn_winding_woodlands_5x5_three, nzn_winding_woodlands_hourglass,
          nzn_winding_woodlands_center_diamonds,
          nzn_winding_woodlands_5x5_default,
          nzn_winding_woodlands_5x5_closed_star,
          nzn_winding_woodlands_5x15_zeroes, nzn_winding_woodlands_5x5_default],
          layout_long_grid, nicolae_spider_entry_non_spiders,
          portal_ice_cave_entry_ice_simulacra
Lair:4:   nzn_motion_control, layout_small_grid
Lair:5:   minmay_lair_end_enchanted_forest, layout_regular_city, slime_entry_1,
          uniq_snorg
Spider:1: layout_spider_delve, hellmonk_deceptive_appearances
Orc:1:    layout_caves, special_room [special_room_orc], uniq_nergalle

Skill      XL: |  1  2  3  4  5  6  7  8  9 10 11 12 13 14 |
---------------+-------------------------------------------+-----
Fighting       | 4 5 9 12 15 16 | 16.5
Axes           | 5 8 9 10 13 15 17 18 19 20 | 20.0
Armour         | 1 2 3 4 7 10 | 10.0
Invocations    | 2 6 9 11 13 14 15 | 15.0
Dodging        | 3 |  3.0

Action                     |  1- 3 |  4- 6 |  7- 9 | 10-12 | 13-15 || total
---------------------------+-------+-------+-------+-------+-------++-------
  Melee: Hand axe          |   136 |    10 |   134 |   455 |   192 ||   927
         War axe           |       |   103 |    26 |       |       ||   129
         Battleaxe         |       |       |   205 |       |   197 ||   402
         Punch             |       |       |     1 |     1 |     2 ||     4
         Scimitar          |       |       |       |       |    16 ||    16
         Great mace        |       |       |       |       |    12 ||    12
  Throw: Dart              |       |       |     7 |     5 |       ||    12
 Invoke: Convert to Beogh  |       |       |     1 |       |       ||     1
         Smiting           |       |       |       |     4 |    11 ||    15
         Recall Orcish Fol |       |       |       |     2 |    12 ||    14
         Give Item to Name |       |       |       |     1 |     2 ||     3
         Stop Recall       |       |       |       |       |     4 ||     4
         Resurrection      |       |       |       |       |     2 ||     2
  Evoke: Wand              |       |     6 |     1 |     4 |       ||    11
    Use: Scroll            |       |       |    12 |     5 |     1 ||    18
         Potion            |       |       |     5 |     2 |    12 ||    19
   Stab: Invisible         |       |       |     5 |     3 |       ||     8
         Distracted        |       |       |       |     3 |     6 ||     9
 Armour: Plate armour      |   103 |    47 |   160 |   168 |   249 ||   727
         Robe              |     2 |       |       |       |       ||     2
  Dodge: Dodged            |    20 |    36 |   159 |   183 |   232 ||   630
  Block: Tower shield      |       |       |       |       |    22 ||    22
         Kite shield       |       |       |       |       |     1 ||     1

Table legend: (Time is in decaauts)
 A = Elapsed time spent in this place.
 B = Non-inter-level travel time spent in this place.
 C = Inter-level travel time spent in this place.
 D = Time resting spent in this place.
 E = Time spent auto-exploring this place.
 F = Levels seen in this place.
 G = Mean time per level.
                   A        B        C        D        E       F      G
               +--------+--------+--------+--------+--------+-----+--------+
         Total |  23793 |  20078 |   3715 |   5773 |   8913 |  20 | 1189.7 |
       Dungeon |  13718 |  11055 |   2663 |   2363 |   5799 |  11 | 1247.1 |
        Temple |     86 |     79 |      7 |      0 |      0 |   1 |   86.0 |
          Lair |   8360 |   7317 |   1043 |   2567 |   3078 |   5 | 1672.0 |
   Spider Nest |     46 |     46 |      0 |      0 |      0 |   1 |   46.0 |
  Orcish Mines |    179 |    178 |      1 |      0 |     22 |   1 |  179.0 |
      Ice Cave |   1402 |   1402 |      0 |    843 |     13 |   1 | 1402.0 |
               +--------+--------+--------+--------+--------+-----+--------+

Top non-repeatable levels by time:
  Lair:5: 2167 daAuts
  Lair:1: 2049 daAuts
     D:6: 1892 daAuts
     D:7: 1837 daAuts
    D:10: 1694 daAuts
  Lair:3: 1521 daAuts
   IceCv: 1402 daAuts
     D:4: 1396 daAuts
  Lair:4: 1313 daAuts
  Lair:2: 1308 daAuts
     D:1: 1122 daAuts
    D:11: 1081 daAuts
     D:9: 1062 daAuts
     D:3: 979 daAuts
     D:5: 912 daAuts
